Map: Shrines of Lizul

Players

emow - Winner!

  • Race: Terran Terran
  • League: Gold
  • Spawn Location: 12:00

Raemmboh - Winner!

  • Race: Zerg Zerg
  • League: Gold
  • Spawn Location: 3:00

Kisiel

  • Race: Terran Terran
  • Spawn Location: 6:00

Zasranski

  • Race: Zerg Zerg
  • Spawn Location: 9:00

VOD

Have the link to the VOD?

Description

Time

  • Played on: March 29, 2019, 9:59 a.m.
  • Length: 15:41
Show
View Real Time Build Order
Export as new Build Order

emow Terran - Winner!

Build Orders:  

Get SALT Encoding   

  12  0:05  SCV  
  13  0:17  SCV  
  14  0:23  Supply Depot  
  14  0:51  Barracks  
  14  0:58  SCV  
  15  1:10  SCV  
  16  1:22  SCV  
  17  1:34  SCV  
  17  1:38  Refinery  
  18  1:40  Supply Depot  
  18  1:46  SCV  
  19  1:54  Marine  
  19  1:58  SCV  
  21  2:08  Engineering Bay  
  21  2:10  SCV  
  21  2:12  Barracks  
  22  2:18  Barracks  
  22  2:19  Barracks  
  22  2:22  SCV  
  23  2:28  Refinery  
  23  2:48  Barracks Tech Lab  
  23  3:02  Barracks Reactor  
  23  3:03  Bunker  
  23  3:18  SCV  
  24  3:30  Marine, SCV  
  24  3:31  Marine  
  27  3:42  SCV  
  27  3:48  Marine, Barracks Reactor  
  27  3:50  Barracks Reactor  
  27  3:53  Marine x2  
  30  4:06  Factory  
  30  4:11  Marine  
  31  4:33  Command Center  
  31  5:05  Terran Infantry Weapons Level 1  
  31  5:06  Starport  
  31  5:16  Marine  
  31  5:17  Marine x3  
  31  5:18  Marine x2  
  31  5:36  Supply Depot  
  31  5:42  Supply Depot  
  31  5:44  Marine x5, Orbital Command  
  31  5:45  Marauder  
  38  5:59  Supply Depot  
  38  6:00  Bunker  
  38  6:06  Marauder  
  40  6:20  Sensor Tower  
  40  6:27  Marauder  
  40  6:28  SCV x2  
  44  6:40  SCV  
  46  6:49  Orbital Command, Marauder  
  46  6:50  Sensor Tower  
  46  6:52  SCV  
  48  6:54  Starport Tech Lab  
  48  7:02  Fusion Core  
  48  7:04  SCV  
  49  7:12  Marine x3  
  52  7:16  SCV  
  52  7:20  Sensor Tower  
  53  7:28  SCV  
  53  7:29  Marine x2  
  55  7:30  Marine x2, Marauder  
  60  7:48  Bunker  
  60  7:51  Marauder  
  60  7:56  SCV  
  60  7:57  SCV  
  64  7:59  Supply Depot  
  64  8:04  Marine x3  
  67  8:07  Marine x2  
  69  8:22  Supply Depot  
  69  8:23  Battlecruiser  
  75  8:32  SCV x2  
  77  8:44  SCV x2  
  77  8:45  Supply Depot  
  79  8:56  SCV x2  
  81  9:08  Supply Depot, SCV x2  
  81  9:28  Battlecruiser  
  87  9:56  Marine x7  
  87  9:59  Command Center  
  94  10:11  Refinery  
  94  10:12  Refinery  
  94  10:14  Marine x7  
  94  10:16  Starport  
  94  10:17  Refinery  
  94  10:18  Refinery, SCV  
  102  10:36  SCV  
  102  10:37  Marine, SCV  
  102  10:41  Marine, Marauder  
  102  10:42  Marine  
  102  11:00  SCV  
  102  11:05  SCV  
  102  11:06  Marauder  
  102  11:08  Battlecruiser  
  101  11:12  SCV  
  102  11:34  Marine x2  
  102  11:36  Marine  
  102  11:37  SCV  
  102  11:38  Marine  
  102  11:40  Marine  
  102  11:41  Marine  
  102  11:44  SCV  
  101  11:52  Marine  
  102  12:03  Supply Depot  
  102  12:12  Supply Depot  
  102  12:20  Marine x2  
  102  12:24  Marine x4  
  102  12:25  SCV x2, Marauder  
  102  12:29  Battlecruiser  
  106  12:37  SCV x2  
  106  12:38  Marine  
  106  12:42  Marine  
  95  12:46  Marine  
  95  12:49  SCV x2  
  75  12:54  Marine x4  
  75  12:56  Marine  
  74  13:00  Marine  
  74  13:01  SCV x2  
  74  13:04  Marine  
  78  13:12  Marine x4  
  82  13:14  Marine  
  82  13:18  Marine, Command Center  
  84  13:21  Marine  
  85  13:29  Marine  
  85  13:30  Marine x3  
  85  13:31  Marine  
  90  13:36  Marine  
  90  13:40  Battlecruiser  
  95  14:16  SCV x2  
  97  14:28  SCV x2  
  97  14:30  Viking  
  101  14:40  SCV x2  
  108  14:52  SCV x2  
  110  15:00  Viking  
  110  15:03  Supply Depot  
  110  15:04  SCV x2  
Show
View Real Time Build Order
Export as new Build Order

Raemmboh Zerg - Winner!

Build Orders: Pool First 

Get SALT Encoding   

  12  0:01  Drone  
  13  0:10  Drone  
  14  0:17  Overlord  
  14  0:24  Extractor  
  14  0:25  Drone  
  15  0:41  Spawning Pool  
  15  0:42  Drone  
  15  0:46  Drone  
  16  0:54  Drone  
  17  0:59  Drone  
  17  1:02  Extractor  
  17  1:10  Drone  
  18  1:29  Overlord  
  18  1:30  Hatchery  
  17  1:39  Drone x2  
  19  1:46  Extractor  
  18  1:53  Zergling x2  
  19  1:59  Queen  
  21  2:12  Zergling x4  
  21  2:14  Metabolic Boost  
  23  2:25  Zergling x2  
  24  2:36  Baneling Nest  
  23  2:41  Queen  
  23  2:43  Zergling x2  
  23  2:44  Zergling x4  
  28  3:01  Zergling x4  
  28  3:04  Drone x2  
  32  3:17  Zergling x8  
  36  3:25  Lair  
  36  3:43  Overlord x2  
  35  4:12  Zergling x16  
  35  4:13  Zergling x2  
  37  4:26  Zergling x4  
  38  4:40  Spire  
  37  4:45  Drone  
  37  4:46  Drone x3  
  41  5:04  Drone  
  41  5:05  Drone x4  
  46  5:08  Extractor  
  46  5:10  Extractor  
  44  5:18  Drone x2  
  44  5:19  Drone  
  47  5:27  Drone x2  
  49  5:29  Drone  
  50  6:02  Overlord x2  
  50  6:15  Mutalisk, Hatchery  
  51  6:25  Baneling x2  
  51  6:26  Baneling x9  
  51  6:27  Baneling x4  
  51  6:29  Baneling  
  51  6:30  Baneling  
  51  6:43  Drone  
  51  6:44  Drone x3  
  51  6:46  Drone  
  56  6:54  Zerg Flyer Weapons Level 1  
  56  7:09  Spire  
  55  7:21  Queen  
  52  7:34  Mutalisk x4  
  60  7:39  Mutalisk  
  62  7:44  Overlord  
  62  7:56  Drone x3  
  65  8:09  Drone x3  
  65  8:10  Drone x4  
  72  8:22  Zerg Flyer Armor Level 1  
  72  8:41  Overlord  
  72  8:42  Overlord x3  
  72  8:43  Overlord x2  
  72  9:03  Extractor  
  72  9:05  Drone x2  
  72  9:06  Extractor, Drone x13  
  85  9:28  Mutalisk x7  
  99  9:48  Mutalisk  
  99  9:49  Mutalisk x7  
  115  9:56  Mutalisk x2  
  119  10:11  Mutalisk  
  121  10:15  Overlord x3  
  121  10:26  Hatchery, Zerg Flyer Weapons Level 2  
  121  10:28  Zerg Flyer Armor Level 2  
  120  11:04  Mutalisk  
  120  11:05  Mutalisk x5  
  132  11:19  Mutalisk  
  132  11:20  Mutalisk x2  
  138  11:45  Mutalisk  
  138  11:46  Mutalisk x3  
  136  12:44  Mutalisk x7  
  136  12:46  Overlord  
  136  12:47  Overlord x6  
  150  12:55  Infestation Pit  
  143  13:15  Drone x2  
  143  13:16  Drone x9  
  143  13:17  Queen  
  156  13:31  Hive  
  146  14:11  Mutalisk  
  146  14:12  Mutalisk x13  
  174  14:22  Queen  
  176  14:27  Mutalisk x3  
  182  14:46  Extractor  
  182  14:49  Extractor  
Show
View Real Time Build Order
Export as new Build Order

Kisiel Terran 

Build Orders:  

Get SALT Encoding   

  12  0:01  SCV  
  13  0:13  SCV  
  14  0:23  Supply Depot  
  14  0:26  SCV  
  15  0:44  SCV  
  16  0:51  Barracks  
  16  0:56  SCV  
  17  0:58  Refinery  
  17  1:08  SCV  
  18  1:21  SCV  
  19  1:33  SCV  
  20  1:40  Marine, Engineering Bay  
  20  1:46  SCV  
  22  1:51  Refinery  
  22  1:57  Marine  
  23  2:09  Supply Depot  
  23  2:10  Terran Infantry Weapons Level 1  
  23  2:31  SCV  
  23  2:33  Barracks Reactor  
  24  2:39  Supply Depot  
  24  2:47  Barracks  
  24  2:59  Orbital Command  
  24  3:09  Supply Depot  
  24  3:11  Command Center  
  24  3:13  Marine x2  
  26  3:29  SCV  
  26  3:30  Marine  
  26  3:31  Marine  
  29  3:44  Barracks Tech Lab  
  29  3:48  Barracks, Marine x2  
  31  4:04  Factory, Terran Infantry Armor Level 1  
  31  4:30  Marine x3  
  34  4:37  SCV  
  35  4:45  Combat Shield  
  35  4:49  Marine, Barracks Reactor, SCV  
  35  4:50  Marine  
  35  4:51  Marine  
  39  5:01  SCV  
  39  5:04  Factory Tech Lab  
  39  5:05  Armory  
  40  5:07  Marine x2  
  40  5:09  Marine  
  43  5:25  Marine x2  
  45  5:29  Marine x3  
  45  5:35  Siege Tank  
  51  5:40  SCV  
  52  5:43  Marine  
  53  5:57  SCV  
  53  5:59  Starport  
  54  6:27  Marine  
  54  6:28  Marine x4  
  54  6:32  Terran Infantry Weapons Level 2  
  59  6:36  Terran Ship Weapons Level 1  
  59  6:40  Fusion Core  
  59  6:43  Starport Tech Lab, Starport  
  59  6:45  Marine x2  
  59  6:47  SCV  
  62  6:59  SCV  
  63  7:07  Marine x3  
  63  7:08  Marine x2  
  68  7:14  SCV  
  69  7:25  Marine x3  
  69  7:26  SCV  
  73  7:40  Starport Tech Lab  
  73  7:50  Missile Turret  
  73  8:02  Refinery  
  73  8:04  SCV  
  73  8:05  Refinery  
  74  8:08  Battlecruiser  
  80  8:16  SCV  
  81  8:22  Missile Turret  
  81  8:28  Siege Tank, SCV  
  85  8:40  SCV  
  86  8:48  Terran Infantry Armor Level 2  
  86  9:05  SCV  
  86  9:09  Supply Depot  
  87  9:16  Battlecruiser  
  93  9:40  Siege Tank  
  96  10:07  Weapon Refit  
  96  10:12  Siege Tank  
  99  10:16  Supply Depot  
  99  10:25  Supply Depot  
  99  10:35  Battlecruiser  
  105  10:36  Orbital Command  
  94  11:04  SCV  
  94  11:16  SCV, Battlecruiser  
  101  11:24  Supply Depot  
  101  11:28  SCV  
  96  11:52  Battlecruiser  
  96  11:57  SCV  
  97  12:09  SCV  
  98  12:22  Starport  
  92  12:56  Battlecruiser  
  98  13:15  Battlecruiser  
  98  13:16  Starport Tech Lab  
  104  13:30  Marine x3  
  113  13:52  Marine x2  
  114  14:00  Battlecruiser  
  113  14:26  SCV  
  114  14:39  SCV, Starport  
Show
View Real Time Build Order
Export as new Build Order

Zasranski Zerg 

Build Orders: Pool First 

Get SALT Encoding   

  12  0:03  Drone  
  13  0:16  Overlord  
  13  0:22  Drone  
  14  0:40  Drone x3  
  17  0:54  Spawning Pool  
  16  0:58  Drone  
  17  1:23  Hatchery  
  16  1:27  Drone x3  
  19  1:40  Queen  
  19  1:42  Zergling x2  
  22  2:10  Hatchery  
  22  2:13  Zergling x2  
  22  2:15  Overlord  
  22  2:17  Overlord  
  22  2:35  Zergling x2  
  23  2:38  Zergling x2  
  25  2:44  Drone  
  25  2:57  Zergling x4  
  27  3:06  Extractor  
  27  3:10  Extractor  
  27  3:11  Drone  
  26  3:18  Zergling x8  
  30  3:27  Drone  
  16  4:13  Queen  
  16  4:14  Zergling x2  
  16  4:15  Zergling x10  
  15  4:18  Zergling x6  
  17  4:28  Drone  
  18  4:36  Queen  
  20  4:42  Spine Crawler  
  19  4:50  Drone x2  
  21  5:04  Drone x3  
  24  5:14  Drone x3  
  26  5:25  Drone  
  27  5:32  Drone x3  
  27  5:33  Drone x3  
  33  5:38  Drone x2  
  35  5:43  Drone  
  35  5:44  Drone  
  35  5:48  Extractor  
  36  5:51  Extractor, Lair  
  35  6:01  Drone  
  35  6:02  Drone x3  
  39  6:04  Drone  
  40  6:24  Roach Warren  
  39  6:31  Metabolic Boost  
  39  6:41  Drone x2  
  39  6:42  Drone  
  42  6:50  Drone x3  
  41  7:35  Drone x3  
  44  7:39  Roach x2  
  48  7:56  Drone  
  48  7:57  Overlord x3  
  48  7:58  Overlord  
  49  8:14  Infestation Pit  
  49  8:15  Queen  
  50  8:21  Drone x3  
  50  8:24  Drone x2  
  50  8:25  Roach x4  
  63  8:30  Drone x3  
  66  8:46  Roach  
  64  9:30  Roach  
  64  9:31  Roach x2  
  70  9:34  Drone x3  
  70  9:37  Roach x3  
  79  9:41  Ravager x3  
  79  9:43  Overlord  
  82  10:01  Spore Crawler  
  82  10:07  Ravager x6  
  83  10:08  Ravager  
  83  10:10  Overlord x2  
  88  10:15  Drone  
  88  10:16  Drone  
  88  10:18  Spire  
  53  11:20  Roach  
  53  11:21  Roach x2  
  57  11:28  Roach x3  
  57  11:31  Roach x2  
  57  11:32  Roach x2  
  50  11:48  Spore Crawler  
  50  11:52  Spore Crawler  
  50  11:54  Spine Crawler  
  47  11:57  Spine Crawler  
  46  12:04  Ravager x6  
  46  12:05  Ravager  
  51  12:08  Roach x3  
  2  12:41  Mutalisk x2  
  5  12:45  Overlord  
Tags
 
Add a new tag
Caveats
  • Supply blocks, unpowered buildings, or Contaminate may cause inaccurate times.
  • Supply counts are checked every 10 seconds.